AoeStats
← old f1sh

Arabia

509908825Analyzed
1v1 RM · 3d ago on Sep 28, 2026· 39m 1s· 2 players
Game mode
Random Map
Map size
Tiny (2 player)
Population
200
Speed
Normal
Resources
Standard
Victory
Conquest
Starting age
Dark Age
Ending age
Imperial Age
RankedLock teamsTeams togetherTeam positionsShared explorationLock speedFull tech treeHidden civsTurbo modeCheats
Victory
Defeat
🇨🇳 Jurchens · China
1569
+22
🇩🇪 Varangians · Germany
1718
-22
old f1sh
5:05 Loom
9:29 Feudal Age
16:21 Fletching
19:12 Scale Barding Armor
21:05 Wheelbarrow
26:01 Castle Age
24:53 Gold Mining
24:44 Horse Collar
24:53 Double-Bit Axe
26:57 Bodkin Arrow
26:51 Crossbowman
28:11 Bow Saw
30:51 Horse Collar
31:27 Husbandry
31:37 Bloodlines
32:08 Chain Barding Armor
36:28 Padded Archer Armor
37:59 Hand Cart
39:09 Ballistics
musialaseinjamal
7:08 Loom
9:38 Feudal Age
9:47 Man-at-Arms
11:01 Double-Bit Axe
10:58 Horse Collar
12:56 Wheelbarrow
19:00 Man-at-Arms
21:05 Scale Mail Armor
28:17 Castle Age
28:32 Forging
31:45 Chain Mail Armor
31:19 Gambesons
35:40 Bow Saw
36:39 Squires
Connection lost

Rejoining the realm…

Still unreachable

The connection could not be restored.

Session expired

The server has moved on; the page needs a fresh start.